 Dungeon Crawl Stone Soup version 0.23.0 (webtiles) character file.

Game seed: 5750543685090175869

3501 redwoodhats the Covered (level 9, -1/72 HPs)
             Began as a Minotaur Transmuter on Feb 12, 2019.
             Was a Follower of Uskayaw.
             Killed by divine providence
             ... invoked by an orc priest
              (15 damage)
             ... on level 8 of the Dungeon.
             The game lasted 01:00:01 (10613 turns).

redwoodhats the Covered (Minotaur Transmuter)      Turns: 10613, Time: 01:00:02

Health: -1/72      AC: 10    Str: 22    XL:     9   Next: 80%
Magic:  1/14       EV: 12    Int: 11    God:    Uskayaw [*.....]
Gold:   522        SH:  0    Dex: 10    Spells: 10/16 levels left

rFire    . . .     SeeInvis +   A - +8 dire flail
rCold    + + .     Gourm    .   (shield currently unavailable)
rNeg     . . .     Faith    .   s - +3 ring mail {rPois}
rPois    +         Spirit   .   (helmet restricted)
rElec    +         Reflect  .   (no cloak)
rCorr    +         Harm     .   y - +0 pair of gloves
MR       .....                  (no boots)
Stlth    +.........             (no amulet)
HPRegen  0.22/turn              g - +2 ring of intelligence
MPRegen  0.14/turn              v - ring "Cikimec" {Ice Str+4 Int-2 SInv}

@: resistant
A: retaliatory headbutt, horns 2
a: Stomp, Renounce Religion


You were on level 8 of the Dungeon.
You worshipped Uskayaw.
Uskayaw was noncommittal.
You were not hungry.

You visited 2 branches of the dungeon, and saw 9 of its levels.

You collected 522 gold pieces.

Inventory:

Hand Weapons
 f - a +0 flail of electrocution
 i - a +1 hunting sling of velocity
 p - a +1 vampiric dagger
 A - a +8 dire flail (weapon)
 C - a +2 great mace
Missiles
 a - 84 arrows
 l - 7 tomahawks (quivered)
 o - 8 tomahawks of returning
 t - 36 sling bullets
 H - 4 poisoned tomahawks
Armour
 b - a +0 robe
 n - a +2 buckler of protection
 s - a +3 ring mail of poison resistance (worn)
 y - a +0 pair of gloves (worn)
 G - a +0 cloak
Magical Staves
 F - a cursed staff of air {unknown}
Jewellery
 e - an uncursed ring of poison resistance
 g - a +2 ring of intelligence (left hand)
 v - the ring "Cikimec" (right hand) {Ice Str+4 Int-2 SInv}
   (You found it on level 4 of the Dungeon)

   [ring of ice]

   It enhances your ice magic.
   It affects your strength (+4).
   It affects your intelligence (-2).
   It makes you vulnerable to fire.
   It protects you from cold.
   It lets you see invisible.
Wands
 k - a wand of disintegration (13)
 q - a wand of iceblast (11)
 E - a wand of random effects (15)
Scrolls
 j - 5 scrolls of identify
 m - a scroll of teleportation
 u - a scroll of immolation
 w - a scroll of noise {unknown}
 z - 2 scrolls of remove curse
 I - a scroll of enchant weapon {unknown}
Potions
 c - a potion of brilliance
 h - a potion of degeneration {unknown}
 r - a potion of might {unknown}
 x - 2 potions of ambrosia
 B - a potion of magic
 D - a potion of cancellation
Comestibles
 d - 8 rations


   Skills:
 + Level 4.3 Fighting
 + Level 5.0(5.1) Short Blades
   Level 1.4(3.8) Long Blades
 + Level 3.1 Maces & Flails
 + Level 1.1(1.2) Slings
 + Level 0.3(0.7) Throwing
 + Level 5.8 Armour
 + Level 4.4 Dodging
 + Level 2.7 Stealth
 + Level 3.7 Shields
 + Level 3.8 Unarmed Combat
 + Level 4.4 Spellcasting
 + Level 5.6 Transmutations
 + Level 1.1 Evocations


You had 10 spell levels left.
You knew the following spells:

 Your Spells              Type           Power        Failure   Level  Hunger
a - Beastly Appendage     Tmut           ##....       3%          1    #......
b - Sticks to Snakes      Tmut           ##......     4%          2    ##.....
c - Spider Form           Tmut/Pois      #.........   32%         3    ###....

Your spell library contained the following spells:

 Spells                   Type           Power        Failure   Level  Hunger
 Animate Skeleton         Necr           N/A          34%         1    #......
 Apportation              Tloc           #.....       34%         1    #......
 Confusing Touch          Hex            #.....       34%         1    #......
 Summon Small Mammal      Summ           #...         34%         1    #......
 Blade Hands              Tmut           ##........   67%         5    ######.
 Ice Form                 Ice/Tmut       ##......     71%         4    #####..


Dungeon Overview and Level Annotations

Branches:
Dungeon (8/15)             Temple (1/1) D:7
   Lair: D:8-11

Altars:
Dithmenos
Elyvilon
Fedhas
Gozag
Makhleb
Nemelex Xobeh
Ru
Uskayaw
Wu Jian
Xom
Zin
The Shining One


Innate Abilities, Weirdness & Mutations

You reflexively headbutt those who attack you in melee.
You have a pair of horns on your head.


Message History

The magic dart hits your adder!
Casting: Sticks to Snakes (safe; 4% risk of failure)
Confirm with . or Enter, or press ? or * to list all spells.
You create a snake!
You now have 86 arrows.
Casting: Sticks to Snakes (safe; 4% risk of failure)
Confirm with . or Enter, or press ? or * to list all spells.
You create a snake!
You now have 85 arrows.
Casting: Sticks to Snakes (safe; 4% risk of failure)
Confirm with . or Enter, or press ? or * to list all spells.
You create a snake!
You now have 84 arrows.
The orc priest invokes the aid of Beogh against you.
Beogh smites you!
* * * LOW HITPOINT WARNING * * *
The orc wizard hits your ball python with a +0 dagger.
Your ball python misses the orc priest.
Your ball python grabs the orc priest.
Your ball python constricts the orc priest.
Your ball python bites the orc priest.
The orc priest invokes the aid of Beogh against you.
Beogh smites you!
You die...

#...#########
#...#......##
#...#......## #####
#...#......## .....
#...#......## ......
#...#......##
......######.).#......##
......SS.oo)...'......'.
.......@SS.#####......##
...........+............
#####....[.####...######
#........ #..o# #
#.........#...# #
######....#...# #
#....#.oo# # #####...# #


You could see an orc priest, an orc wizard (invisible), 2 friendly adders and 2
friendly ball pythons.

Vanquished Creatures
  A two-headed ogre (D:6)
  A spriggan (D:7)
  Eustachio (D:4)
  Menkaure (D:6)
  Edmund (D:4)
  An orc warrior (D:6)
  An ice beast (D:5)
  2 phantoms
  2 centaurs
  5 ogres
  2 scorpions
  A howler monkey (D:5)
  2 crimson imps
  3 jellies
  2 orc priests
  A centaur skeleton (D:6)
  3 iron imps (D:5)
  Natasha (thrice) (D:5)
  An iguana (D:4)
  5 orc wizards
  2 worker ants (D:4)
  2 hound skeletons
  Robin (D:4)
  5 adders
  An ooze (D:2)
  An adder skeleton (D:4)
  4 dart slugs
  10 leopard geckos
  23 orcs
  5 giant cockroaches
  18 goblins
  11 hobgoblins
  5 jackals
  4 quokkas
  A ball python (D:2)
  8 bats
  4 frilled lizards
  9 kobolds
  2 rats
155 creatures vanquished.

Vanquished Creatures (collateral kills)
  The ghost of Babaika the Sneak, a novice HuAs of Ashenzari (D:6)
  An orc warrior (D:8)
  Blork the orc (D:5)
  A jelly (D:6)
  An orc wizard (D:6)
  A hound skeleton (D:6)
  An adder (D:6)
  An adder skeleton (D:6)
  9 orcs
  A goblin (D:4)
  2 jackals (D:5)
  A quokka (D:6)
  A jackal skeleton (D:7)
  A leopard gecko skeleton (D:6)
23 creatures vanquished.

Grand Total: 178 creatures vanquished

Notes
Turn   | Place    | Note
-------+----------+-------------------------------------------
     0 | D:1      | redwoodhats the Minotaur Transmuter began the quest for the
                  | Orb.
     0 | D:1      | Reached XP level 1. HP: 16/16 MP: 1/1
    84 | D:1      | Reached XP level 2. HP: 16/23 MP: 3/3
   996 | D:1      | Reached XP level 3. HP: 27/28 MP: 4/4
  1217 | D:2      | Reached skill level 1 in Armour
  1382 | D:2      | Found a faded altar of an unknown god.
  1604 | D:2      | Found a white marble altar of Elyvilon.
  1682 | D:2      | Learned a level 2 spell: Sticks to Snakes
  1919 | D:2      | Reached skill level 1 in Short Blades
  2089 | D:3      | Reached XP level 4. HP: 31/35 MP: 3/5
  2716 | D:3      | Reached XP level 5. HP: 38/41 MP: 6/6
  3097 | D:4      | Noticed Edmund
  3104 | D:4      | Noticed Eustachio
  3128 | D:5      | Entered Level 5 of the Dungeon
  3288 | D:5      | Noticed an ogre
  3299 | D:5      | Killed an ogre
  3299 | D:5      | Reached skill level 1 in Shields
  3412 | D:5      | Noticed an ice beast
  3423 | D:5      | Killed an ice beast
  3423 | D:5      | Reached XP level 6. HP: 16/48 MP: 6/8
  3760 | D:5      | Noticed Blork the orc
  3788 | D:5      | Killed Blork the orc
  3788 | D:5      | Reached skill level 1 in Stealth
  3816 | D:5      | Learned a level 3 spell: Spider Form
  3879 | D:5      | Reached XP level 7. HP: 18/56 MP: 1/9
  4163 | D:4      | Noticed Natasha
  4195 | D:5      | Killed Natasha
  4284 | D:4      | Killed Edmund
  4284 | D:4      | Reached skill level 1 in Long Blades
  5370 | D:4      | Got a scorched wooden ring
  5381 | D:4      | Identified the ring "Cikimec" {Ice Str+4 Int-2 SInv} (You
                  | found it on level 4 of the Dungeon)
  5444 | D:4      | Killed Eustachio
  5604 | D:4      | Reached XP level 8. HP: 59/63 MP: 10/10
  5646 | D:4      | Noticed Robin
  6436 | D:4      | Killed Robin
  6555 | D:5      | Found a burning altar of Makhleb.
  6870 | D:5      | Noticed Natasha
  6876 | D:5      | Killed Natasha
  6946 | D:5      | Found a blossoming altar of Fedhas.
  7014 | D:5      | Noticed Natasha
  7021 | D:5      | Killed Natasha
  7021 | D:5      | Reached skill level 1 in Maces & Flails
  7143 | D:6      | Found an ornate altar of the Wu Jian Council.
  7188 | D:6      | Reached skill level 1 in Evocations
  7205 | D:6      | Found a transporter.
  7220 | D:6      | Noticed Babaika's ghost (novice HuAs)
  7222 | D:6      | Noticed a two-headed ogre
  7225 | D:6      | HP: 1/63 [orc/+0 hand axe (6)]
  7227 | D:6      | Noticed Menkaure
  7837 | D:6      | Found a glowing golden altar of the Shining One.
  7839 | D:6      | Found a shadowy altar of Dithmenos.
  7841 | D:6      | Found an opulent altar of Gozag.
  8116 | D:6      | Found a transporter.
  8119 | D:6      | Reached skill level 1 in Slings
  8574 | D:6      | Killed Menkaure
  8764 | D:6      | Killed a two-headed ogre
  8764 | D:6      | Reached skill level 5 in Armour
  8764 | D:6      | Reached skill level 5 in Transmutations
  8764 | D:6      | Reached XP level 9. HP: 32/71 MP: 8/13
  8792 | D:6      | Killed Babaika's ghost
  8917 | D:7      | Reached skill level 5 in Short Blades
  9785 | D:7      | Found a staircase to the Ecumenical Temple.
  9792 | Temple   | Entered the Ecumenical Temple
  9832 | Temple   | Became a worshipper of Uskayaw the Reveler
 10143 | D:7      | Reached * piety under Uskayaw
 10333 | D:7      | Reached ** piety under Uskayaw
 10613 | D:8      | Killed from afar by an orc priest

Skill      XL: |  1  2  3  4  5  6  7  8  9 |
---------------+----------------------------+-----
Transmutations | 2 3 5 |  5.6
Armour         | 1 2 3 5 |  5.8
Short Blades   | 1 2 3 4 5 |  5.0
Fighting       | 2 3 4 |  4.3
Dodging        | 3 4 |  4.4
Shields        | 1 2 3 |  3.7
Spellcasting   | 2 3 4 |  4.4
Stealth        | 1 2 |  2.7
Long Blades    | 1 |  1.4
Maces & Flails | 2 3 |  3.1
Evocations     | 1 |  1.1
Slings         | 1 |  1.1
Throwing       | |  0.3
Unarmed Combat | |  3.8

Action                   |  1- 3 |  4- 6 |  7- 9 || total
-------------------------+-------+-------+-------++-------
Melee: Unarmed           |    36 |       |       ||    36
       Kick              |     9 |     5 |     6 ||    20
       Headbutt          |     8 |    21 |    49 ||    78
       Short sword       |    64 |   192 |       ||   256
       Scimitar          |       |       |    25 ||    25
       Flail             |       |       |    98 ||    98
       Dagger            |       |       |    54 ||    54
       Dire flail        |       |       |    36 ||    36
 Fire: Hunting sling     |       |       |    17 ||    17
Throw: Tomahawk          |     2 |     4 |     6 ||    12
 Cast: Beastly Appendage |    11 |     7 |     6 ||    24
       Sticks to Snakes  |       |     9 |    88 ||    97
Evoke: Wand              |       |       |     1 ||     1
  Use: Potion            |     3 |     4 |    10 ||    17
       Scroll            |     5 |     7 |     7 ||    19
 Stab: Sleeping          |       |     1 |       ||     1
       Distracted        |       |     1 |     4 ||     5
  Eat: Ration            |     1 |     2 |     9 ||    12
       Chunk             |     1 |       |       ||     1
Armor: Robe              |     9 |       |       ||     9
       Leather armour    |    24 |    61 |    12 ||    97
       Skin              |       |    18 |       ||    18
       Ring mail         |       |       |    81 ||    81
Dodge: Dodged            |    90 |    87 |   149 ||   326
Block: Buckler           |     8 |    53 |    65 ||   126
       Rpst.: Scimitar   |       |       |    11 ||    11
